 Dungeon Crawl Stone Soup version 0.23.0 (webtiles) character file.

Game seed: 5947018347315639871

4479 Kondrat the Blocker (level 10, -2/85 HPs)
             Began as a Formicid Fighter on Feb 8, 2019.
             Was a Believer of Okawaru.
             Slain by an orc warrior
             ... wielding a +0 halberd
              (7 damage)
             ... in a bailey.
             The game lasted 00:16:12 (9313 turns).

Kondrat the Blocker (Formicid Fighter)              Turns: 9313, Time: 00:16:12

Health: -2/85      AC: 13    Str: 24    XL:     10   Next: 64%
Magic:  9/10       EV: 11    Int:  8    God:    Okawaru [**....]
Gold:   186        SH: 14    Dex: 10    Spells: 9/9 levels left

rFire    . . .     SeeInvis +   a - +0 quarterstaff
rCold    . . .     Gourm    +   c - +0 shield
rNeg     . . .     Faith    .   o - +0 chain mail
rPois    .         Spirit   .   (helmet unavailable)
rElec    .         Reflect  .   (no cloak)
rCorr    .         Harm     .   (no gloves)
MR       +....                  (no boots)
Stlth    ..........             g - amulet of the gourmand
HPRegen  0.24/turn              (no ring)
MPRegen  0.12/turn              (no ring)

@: heroism
A: permanent stasis, dig shafts and tunnels, four strong arms, antennae 3
a: Dig, Shaft Self, Heroism, Renounce Religion


You were in a bailey.
You worshipped Okawaru.
Okawaru was pleased with you.
You were very full.

You visited 1 branch of the dungeon, and saw 9 of its levels.
You also visited: Bailey.

You collected 376 gold pieces.
You spent 190 gold pieces at shops.

Inventory:

Hand Weapons
 a - a +0 quarterstaff (weapon)
 z - a +4 war axe of freezing
Armour
 c - a +0 shield (worn)
 o - a +0 chain mail (worn)
Jewellery
 g - an amulet of the gourmand (around neck)
 m - an uncursed ring of ice {unknown}
Wands
 s - a wand of enslavement (10)
 w - a wand of polymorph (13)
 x - a wand of acid (7)
 y - a wand of flame (18)
Scrolls
 b - 3 scrolls of enchant armour {unknown}
 e - 6 scrolls of remove curse
 h - 6 scrolls of identify
 j - 2 scrolls of teleportation {unknown}
 k - 2 scrolls of immolation {unknown}
 n - 3 scrolls of enchant weapon {unknown}
 q - a scroll of noise {unknown}
 r - a scroll of fog {unknown}
 u - 3 scrolls of fear {unknown}
 v - 4 scrolls of magic mapping
Potions
 d - 3 potions of might
 i - a potion of flight
 l - 3 potions of heal wounds
 p - 4 potions of curing
 t - a potion of berserk rage
 A - a potion of agility
Comestibles
 f - 8 rations


   Skills:
 - Level 10.1(15.1) Fighting
 + Level 1.5(6.5) Axes
 - Level 2.0(7.0) Staves
 - Level 10.2(15.2) Armour
 - Level 10.2(15.2) Shields


You had 9 spell levels left.
You didn't know any spells.
Your spell library contained the following spells:

 Spells                   Type           Power        Failure   Level  Hunger
 Poisonous Vapours        Pois/Air       #.....       95%         2    ###....
 Conjure Flame            Conj/Fire      #.......     99%         3    ####...
 Mephitic Cloud           Conj/Pois/Air  #.......     99%         3    ####...
 Freezing Cloud           Conj/Ice/Air   #.........   100%        6    #######
 Haunt                    Necr/Summ      #.........   100%        7    #######
 Ring of Flames           Chrm/Fire      #.........   100%        7    #######
 Borgnjor's Revivificati  Necr           #.........   100%        8    #######
 Death's Door             Chrm/Necr      #.........   100%        8    #######
 Infestation              Necr           #.........   100%        8    #######
 Necromutation            Tmut/Necr      #.........   100%        8    #######


Dungeon Overview and Level Annotations

Branches:
Dungeon (9/15)             Temple (0/1) D:5            Lair (0/6) D:8
    Orc: D:9-12

Altars:
Cheibriados
Dithmenos
Hepliaklqana
Okawaru
Ru
Trog
Vehumet
Zin

Shops:
D:5 ?   D:6 *   D:7 !   D:9 ?


Innate Abilities, Weirdness & Mutations

You cannot be hasted, slowed, berserked, paralysed or teleported.
You can dig through walls and to a lower floor.
Your four strong arms can wield two-handed weapons with a shield.
You have a pair of large antennae on your head. (SInv)


Message History

The orc warrior hits you but does no damage.
You sock the orc warrior!
The orc warrior is severely wounded.
You block the orc warrior's attack. x2
You hit the orc warrior.
The orc warrior is severely wounded.
You block the orc warrior's attack.
The orc warrior hits you but does no damage.
You closely miss the orc warrior.
The orc warrior is severely wounded.
The orc warrior closely misses you.
Your chain mail prevents you from hitting the orc warrior.
The orc warrior is severely wounded.
The orc warrior hits you with a +0 halberd!
* * * LOW HITPOINT WARNING * * *
The orc warrior hits you but does no damage.
There is a gate leading back out of this place here.
You block the orc warrior's attack.
The orc warrior hits you with a +0 halberd!
You die...

###### ##∩## ####
#.....##...##....
..≈≈≈..#...#..≈≈≈
.≈≈o≈≈.......≈≈{≈
.≈.oo≈.......≈o{
.≈≈o≈≈.......≈≈{
..≈≈≈..#...#
#o.∩.# #.#@##
##o## ###


You could see 6 orc warriors.

Vanquished Creatures
  A two-headed ogre (D:9)
  Pikel (D:4)
  A hippogriff (D:8)
  A water moccasin (D:5)
  An orc warrior (D:9)
  A swamp drake (D:6)
  An ice beast (D:6)
  2 sky beasts
  A phantom (D:6)
  A black bear (D:8)
  3 ogres
  2 centaurs
  A big kobold (D:7)
  2 bullfrogs
  4 scorpions
  6 killer bees (D:8)
  7 wights
  A centaur zombie (D:6)
  2 howler monkeys
  A bullfrog zombie (D:8)
  A crimson imp (D:8)
  3 hounds
  2 orc priests
  A centaur skeleton (D:5)
  2 jellies (D:7)
  6 orc wizards
  4 iguanas
  Natasha (thrice) (D:2)
  4 worker ants
  A hound zombie (D:8)
  A hound skeleton (D:8)
  A worker ant zombie (D:8)
  Robin (D:2)
  2 gnolls (D:9)
  5 adders
  An ooze (D:1)
  2 dart slugs
  4 leopard geckos
  17 orcs
  4 giant cockroaches
  12 goblins
  9 hobgoblins
  12 jackals
  A quokka (D:4)
  3 bats
  5 kobolds
  A leopard gecko skeleton (D:4)
  7 rats
155 creatures vanquished.

Vanquished Creatures (others)
  A howler monkey (D:4)
  Ijyb (D:4)
  An orc (D:6)
3 creatures vanquished.

Grand Total: 158 creatures vanquished

Notes
Turn   | Place    | Note
-------+----------+-------------------------------------------
     0 | D:1      | Kondrat the Formicid Fighter began the quest for the Orb.
     0 | D:1      | Reached XP level 1. HP: 18/18 MP: 1/1
   168 | D:1      | Reached XP level 2. HP: 24/24 MP: 2/2
   177 | D:1      | You fall through a shaft!
   247 | D:2      | Found a snail-covered altar of Cheibriados.
   281 | D:2      | Noticed Natasha
   290 | D:2      | Killed Natasha
   290 | D:2      | Reached skill level 5 in Shields
   290 | D:2      | Reached XP level 3. HP: 27/29 MP: 3/3
   345 | D:2      | Noticed Robin
   358 | D:2      | Killed Robin
   358 | D:2      | Reached XP level 4. HP: 34/35 MP: 4/4
   580 | D:2      | Noticed Natasha
   591 | D:2      | Killed Natasha
   795 | D:2      | Noticed Natasha
   812 | D:2      | Killed Natasha
   812 | D:2      | Reached XP level 5. HP: 39/41 MP: 5/5
  1745 | D:1      | You fall through a shaft!
  2510 | D:4      | Noticed a slave
  2511 | D:4      | Noticed Pikel
  2511 | D:4      | Noticed a slave
  2512 | D:4      | Noticed a slave
  2514 | D:4      | Noticed a slave
  2560 | D:4      | Killed Pikel
  2560 | D:4      | Reached skill level 10 in Shields
  2560 | D:4      | Reached XP level 6. HP: 28/47 MP: 6/6
  2560 | D:4      | Reached XP level 7. HP: 30/52 MP: 7/7
  2585 | D:4      | Found an iron altar of Okawaru.
  2585 | D:4      | Found a bloodstained altar of Trog.
  2734 | D:4      | Killed Ijyb
  2997 | D:4      | Found a hazy altar of Hepliaklqana.
  3100 | D:4      | Found a glowing silver altar of Zin.
  3100 | D:4      | Found a shadowy altar of Dithmenos.
  3173 | D:4      | Found a radiant altar of Vehumet.
  3183 | D:4      | Reached XP level 8. HP: 24/61 MP: 8/8
  3513 | D:5      | Entered Level 5 of the Dungeon
  3540 | D:4      | HP: 1/61 [wight/cursed +3 mace (10)]
  3566 | D:4      | Reached skill level 5 in Fighting
  4398 | D:5      | Found a staircase to the Ecumenical Temple.
  4514 | D:4      | Became a worshipper of Warmaster Okawaru
  4713 | D:5      | Found Jifom's Magic Scroll Boutique.
  4721 | D:5      | Bought 2 scrolls of magic mapping for 70 gold pieces
  4721 | D:5      | Bought a scroll of remove curse for 30 gold pieces
  4721 | D:5      | Bought a scroll of identify for 20 gold pieces
  4762 | D:5      | Reached XP level 9. HP: 49/74 MP: 9/9
  5124 | D:6      | Found a sacrificial altar of Ru.
  5353 | D:6      | You fall through a shaft for 2 floors!
  5367 | D:8      | Reached * piety under Okawaru
  5401 | D:8      | Noticed a hippogriff
  5411 | D:8      | Killed a hippogriff
  5411 | D:8      | Reached skill level 10 in Fighting
  5619 | D:8      | Found a staircase to the Lair.
  5767 | D:7      | Found Ynishy's Distillery.
  5773 | D:7      | Bought a potion of might for 40 gold pieces
  5773 | D:7      | Bought a potion of curing for 30 gold pieces
  5999 | D:6      | Reached skill level 5 in Armour
  6015 | D:6      | Reached ** piety under Okawaru
  6428 | D:6      | Found Fucke's General Store.
  6648 | D:6      | Reached XP level 10. HP: 78/85 MP: 10/10
  8977 | D:9      | Found Faguon's Magic Scroll Shop.
  8986 | D:9      | Noticed a two-headed ogre
  9004 | D:9      | Killed a two-headed ogre
  9004 | D:9      | Reached skill level 10 in Armour
  9125 | D:9      | Reached skill level 1 in Axes
  9261 | D:9      | Found a flagged portal.
  9292 | Bailey   | Entered a bailey
  9313 | Bailey   | Slain by an orc warrior

Skill      XL: |  1  2  3  4  5  6  7  8  9 10 |
---------------+-------------------------------+-----
Shields        | 4 5 6 10 | 10.2
Fighting       | 4 8 10 | 10.1
Armour         | 6 10 | 10.2
Axes           | 1 |  1.5
Staves         | |  2.0

Action                   |  1- 3 |  4- 6 |  7- 9 | 10-12 || total
-------------------------+-------+-------+-------+-------++-------
Melee: Quarterstaff      |    51 |   122 |   401 |   233 ||   807
Invok: Heroism           |       |       |       |     4 ||     4
 Abil: Shaft Self        |     1 |     1 |       |       ||     2
       Dig               |       |     5 |    10 |     7 ||    22
Evoke: Wand              |       |       |     1 |     1 ||     2
  Use: Potion            |       |     3 |     5 |       ||     8
       Scroll            |       |       |     2 |     1 ||     3
  Eat: Chunk             |       |     6 |    20 |     9 ||    35
       Ration            |       |       |     1 |       ||     1
Armor: Scale mail        |    19 |     5 |       |       ||    24
       Chain mail        |       |    44 |   138 |    89 ||   271
Dodge: Dodged            |    15 |    22 |   112 |    85 ||   234
Block: Shield            |    29 |    55 |   297 |   166 ||   547
